Map: Year Zero LE

Players

Cham - Winner!

  • Race: Zerg Zerg
  • League: Master
  • Spawn Location: 1:00

Astrea

  • Race: Protoss Protoss
  • League: Grandmaster
  • Spawn Location: 11:00

Event: 2019 WCS Winter Americas

VOD

Have the link to the VOD?

Description

Time

  • Played on: April 6, 2019, 11:57 a.m.
  • Length: 10:09

All games in this series

Show
View Real Time Build Order
Export as new Build Order

Cham Zerg - Winner!

Build Orders: Hatch First 

Get SALT Encoding   

  12  0:01  Drone  
  13  0:08  Drone  
  14  0:18  Overlord  
  14  0:36  Drone x2  
  16  0:49  Hatchery  
  15  0:52  Drone  
  16  0:57  Drone  
  16  1:00  Drone  
  18  1:11  Extractor  
  18  1:17  Spawning Pool  
  16  1:19  Drone  
  16  1:24  Drone  
  18  1:30  Drone  
  19  1:40  Drone  
  20  1:58  Overlord  
  20  2:01  Drone  
  21  2:02  Drone  
  21  2:04  Queen x2  
  26  2:11  Zergling x2  
  26  2:14  Zergling x2  
  28  2:23  Drone  
  28  2:24  Drone  
  30  2:35  Drone x2  
  32  2:44  Hatchery  
  32  2:47  Drone x2  
  33  2:54  Queen  
  33  2:58  Overlord  
  35  3:01  Drone  
  36  3:06  Overlord  
  36  3:17  Drone x3  
  36  3:18  Overlord  
  39  3:21  Drone x3  
  42  3:30  Drone x2  
  42  3:33  Lair  
  44  3:37  Roach Warren  
  44  3:40  Drone x2  
  44  3:46  Extractor x2  
  44  3:48  Drone x2  
  44  3:51  Overlord  
  44  3:53  Drone x3  
  47  3:56  Drone  
  47  4:02  Overlord  
  48  4:09  Drone  
  49  4:20  Roach  
  49  4:21  Roach x6  
  63  4:30  Overseer  
  63  4:31  Drone x5  
  65  4:32  Drone  
  69  4:38  Glial Reconstitution  
  69  4:39  Overlord  
  69  4:42  Roach  
  71  4:47  Roach  
  71  4:52  Overlord x2  
  73  4:54  Overlord  
  73  4:59  Roach x4  
  81  5:07  Overlord  
  81  5:10  Roach x3  
  87  5:16  Roach x3  
  87  5:20  Drone, Spore Crawler  
  93  5:21  Overseer  
  93  5:24  Roach  
  93  5:27  Drone x4  
  93  5:28  Drone x2  
  101  5:32  Overlord  
  101  5:38  Drone  
  101  5:40  Drone x3  
  101  5:41  Drone x2  
  107  5:46  Overlord  
  107  6:02  Roach  
  107  6:03  Roach x6  
  118  6:07  Extractor  
  118  6:09  Extractor  
  116  6:11  Roach  
  116  6:13  Roach  
  116  6:15  Roach x3  
  126  6:18  Hatchery  
  126  6:20  Drone  
  126  6:24  Roach  
  128  6:28  Roach  
  128  6:30  Metabolic Boost, Overlord  
  130  6:35  Overlord  
  130  6:38  Overlord  
  130  6:40  Overlord x2  
  130  6:48  Overlord x2  
  130  6:51  Evolution Chamber  
  130  6:52  Overlord  
  128  6:55  Drone  
  128  6:59  Drone x3  
  128  7:00  Drone x2  
  134  7:05  Drone, Overlord  
  135  7:08  Pneumatized Carapace  
  135  7:10  Overlord  
  135  7:11  Roach x3  
  141  7:20  Roach x2  
  141  7:21  Roach x2  
  149  7:24  Roach x3  
  155  7:35  Ravager  
  155  7:36  Roach x6  
  161  7:37  Roach  
  161  7:41  Roach x2  
  161  7:42  Roach  
  161  7:43  Roach  
  161  7:44  Nydus Network, Roach x2  
  152  7:49  Roach  
  158  7:51  Zerg Missile Weapons Level 1  
  158  7:55  Drone x2  
  159  8:03  Roach x3  
  163  8:06  Roach x4  
  163  8:08  Ravager x3  
  163  8:10  Zergling x6  
  177  8:20  Nydus Canal  
  177  8:22  Roach  
  177  8:23  Roach x5  
  181  8:27  Roach  
  181  8:28  Roach  
  181  8:29  Roach  
  181  8:30  Roach  
  189  8:37  Roach  
  189  8:40  Nydus Canal  
  189  8:41  Roach x2  
  190  8:49  Ravager  
  190  8:55  Roach x5  
  197  9:00  Roach  
  183  9:03  Roach  
  162  9:10  Roach  
  162  9:12  Roach, Nydus Canal  
  162  9:14  Roach x2  
  154  9:17  Roach x3, Zergling x4  
  154  9:18  Zergling x6  
  147  9:24  Roach x2  
  147  9:30  Roach  
Show
View Real Time Build Order
Export as new Build Order

Astrea Protoss 

Build Orders: Nexus First, Archon Immortal, Archon Drop 

Get SALT Encoding   

  12  0:00  Probe  
  13  0:13  Probe  
  14  0:18  Pylon  
  14  0:24  Probe  
  15  0:32  Probe  
  15  0:41  Probe  
  17  0:51  Probe  
  18  1:04  Nexus  
  18  1:08  Probe  
  19  1:18  Gateway, Probe  
  20  1:26  Probe  
  20  1:30  Assimilator  
  21  1:37  Assimilator, Probe  
  22  1:45  Pylon  
  22  1:49  Probe  
  23  2:03  Probe  
  23  2:05  Cybernetics Core  
  24  2:09  Zealot  
  24  2:13  Probe  
  26  2:15  Probe  
  26  2:21  Probe  
  28  2:28  Probe  
  30  2:31  Probe  
  31  2:40  Probe  
  31  2:41  Warp Gate, Stalker  
  34  2:45  Probe  
  35  2:52  Twilight Council, Probe  
  36  2:58  Probe  
  36  3:00  Robotics Facility  
  36  3:04  Probe  
  38  3:11  Probe  
  39  3:15  Sentry  
  39  3:16  Probe  
  42  3:20  Charge  
  42  3:26  Probe  
  43  3:28  Probe  
  43  3:33  Pylon  
  44  3:36  Pylon  
  44  3:38  Probe  
  45  3:42  Warp Prism, Probe  
  45  3:47  Gateway x2  
  46  3:48  Gateway  
  48  3:58  Assimilator  
  48  4:01  Assimilator  
  48  4:03  Dark Shrine  
  48  4:05  Probe x2  
  48  4:09  Warp Prism  
  50  4:10  Pylon  
  50  4:17  Probe  
  50  4:18  Probe  
  54  4:27  Pylon  
  54  4:43  Zealot x3  
  54  4:44  Zealot  
  62  4:47  Pylon  
  62  4:48  Observer  
  63  4:55  Probe  
  64  5:04  Immortal  
  64  5:05  Zealot x4  
  72  5:10  Pylon  
  76  5:23  Pylon  
  76  5:24  Pylon  
  76  5:36  Immortal  
  76  5:44  Dark Templar x4  
  88  6:00  Forge  
  84  6:14  Immortal  
  84  6:16  Gateway  
  84  6:17  Archon x2  
  84  6:18  Gateway  
  84  6:19  Sentry x2, Zealot x2  
  96  6:26  Pylon  
  96  6:36  Protoss Ground Weapons Level 1  
  94  6:45  Zealot x4  
  94  6:46  Immortal  
  106  7:08  Zealot  
  106  7:09  Zealot  
  106  7:13  Templar Archives  
  106  7:14  Pylon  
  110  7:27  Pylon  
  110  7:29  Pylon  
  109  7:31  Pylon  
  109  7:38  Immortal  
  109  7:41  Pylon  
  109  7:42  Pylon  
  109  7:44  Pylon  
  107  7:58  Nexus  
  103  8:05  Pylon  
  93  8:08  Immortal  
  93  8:10  High Templar x6  
  105  8:17  Archon x3  
  109  8:43  Zealot x5  
  117  8:53  Zealot  
  117  8:55  Immortal  
  98  9:03  Zealot x3  
  98  9:04  Zealot  
  86  9:14  Zealot  
  86  9:16  Sentry  
  62  9:25  Zealot  
  62  9:27  Sentry  
Tags
 
Add a new tag
Caveats
  • Supply blocks, unpowered buildings, or Contaminate may cause inaccurate times.
  • Supply counts are checked every 10 seconds.